 Dungeon Sprint DCSS version 0.26.1-11-gd32895ea62 (webtiles) character file.

Game seed: 6400656773008623030

4700000 xSliceyx the Conqueror (level 26, -4/314 HPs)
             Began as an Ogre Berserker on July 13, 2021.
             Killed by an exploding a large bag of meat (37 damage)
             ... exploding inner flame
             ... in the Dungeon (Sprint VIII: "Arena of Blood").
             The game lasted 00:04:09 (47 turns).

xSliceyx the Conqueror (Ogre Berserker)               Turns: 47, Time: 00:04:09

Health: -4/314     AC:  4    Str: 36    XL:     26   Next: 42%
Magic:  22/48      EV: 21    Int:  8    God:
Gold:   0          SH:  0    Dex:  8    Spells: 67/67 levels left

rFire    . . .     SeeInvis .   i - +∞ Axe of Woe
rCold    . . .     Faith    .   (shield currently unavailable)
rNeg     . . .     Spirit   .   b - +0 animal skin
rPois    .         Reflect  .   (helmet restricted)
rElec    .         Harm     .   (no cloak)
rCorr    .         Rampage  .   (gloves unavailable)
Will     ++...     NoTele   +   (boots unavailable)
Stlth    ++++++....             (no amulet)
HPRegen  0.62/turn              j - +30 ring of slaying
MPRegen  0.31/turn              (no ring)

@: berserk cooldown, hasted and slowed
A: large, unfitting armour, tough skin 1
a: no special abilities


You were in the Dungeon.
You visited 1 branch

Inventory:

Hand Weapons
 a - a +0 hand axe
 i - the +∞ Axe of Woe (weapon)
   (You found it in the Dungeon)
Armour
 b - a +0 animal skin (worn)
Jewellery
 j - a +30 ring of slaying (left hand)
Scrolls
 h - a scroll of blinking
Potions
 f - 2 potions of magic


   Skills:
 O Level 27 Fighting
 + Level 18.4(20.5) Short Blades
 + Level 16.3(19.5) Long Blades
 O Level 27 Axes
 + Level 16.3(24.0) Maces & Flails
 + Level 17.5(25.7) Polearms
 + Level 17.5(22.3) Staves
 + Level 14.0(16.2) Slings
 + Level 14.0 Bows
 + Level 14.0 Crossbows
 + Level 17.6(20.2) Throwing
 + Level 17.1 Armour
 O Level 27 Dodging
 + Level 17.1 Stealth
 + Level 18.4 Shields
 + Level 18.4 Unarmed Combat
 + Level 21.2 Spellcasting
 + Level 18.4 Conjurations
 + Level 18.4 Hexes
 + Level 18.4 Summonings
 + Level 18.4 Necromancy
 + Level 18.4 Translocations
 + Level 18.4 Transmutations
 + Level 18.4 Fire Magic
 + Level 18.4 Ice Magic
 + Level 18.4 Air Magic
 + Level 18.4 Earth Magic
 + Level 18.4 Poison Magic
 + Level 21.2 Invocations
 + Level 17.1 Evocations


You had 67 spell levels left.
You didn't know any spells.
Your spell library was empty.

Dungeon Overview and Level Annotations

Branches:
Dungeon (1/1)

Altars:
Makhleb


Innate Abilities, Weirdness & Mutations

You are too large for most types of armour.
You have tough skin. (AC +1)


Message History

The destroyer blinks!
You hear a shout! x3
A destroyer comes into view. It is wielding a +9 vorpal great sword.
You hear a shout! x2
A tyrant comes into view.
You hear a shout!
Your base Slings skill increases to level 14!
Your Bows skill increases to level 14!
Your Crossbows skill increases to level 14!
You slash the large bag of meat!
Flame seeps out of the large bag of meat.
You chop the large bag of meat into pieces.
You slice the bag of meat!!
You fatally mangle the bag of meat.
You kill the bag of meat!
You slash the meat berserker!
You pulverise the meat berserker into a thin bloody mist.
You kill the meat berserker!
The large bag of meat explodes!
The fiery explosion engulfs the bag of meat!!
The fiery explosion engulfs you!!!
You die... ooo......

... V........ ....
#O..o.z§# o...
#...O..§# V....
...###.....V.###z....
........###..........
#........_...oOo.....
...o..#.....#○§.....#
......#_.<§_#@)..§...
......#.§)oz#).....#.
#.....)V§§§oo......O.
......)o###.........#
...###))).o..###.....
. #))))...# .....
#...).o.# .....
.OooL....M... ....
....o..........


You could see an accursed, a tyrant, 2 destroyers, 2 sculptors of flesh, 3 meat
berserkers and 7 bags of meat.

Vanquished Creatures
  4 vampire knights (D)
  15 ogres (D)
  2 two-headed ogres (D)
  22 orcs (D)
43 creatures vanquished.

Notes
Turn   | Place    | Note
-------+----------+-------------------------------------------
     0 | D        | Found the +∞ Axe of Woe
     0 | D        | xSliceyx the Ogre Berserker began the quest for the Orb.
     0 | D        | Reached XP level 1. HP: 24/24 MP: 1/1
     0 | D        | Noticed a meat berserker
     2 | D        | Killed a meat berserker
     2 | D        | Noticed a bag of meat
     2 | D        | Noticed a bag of meat
     2 | D        | Noticed a bag of meat
     3 | D        | Reached XP level 2. HP: 75/75 MP: 2/2
     3 | D        | Reached XP level 3. HP: 84/84 MP: 3/3
     3 | D        | Reached XP level 4. HP: 93/93 MP: 4/4
     3 | D        | Reached XP level 5. HP: 102/102 MP: 5/5
     3 | D        | Reached XP level 6. HP: 113/113 MP: 6/6
     3 | D        | Reached XP level 7. HP: 120/120 MP: 7/7
     3 | D        | Reached XP level 8. HP: 131/131 MP: 8/8
     3 | D        | Reached XP level 9. HP: 140/140 MP: 9/9
     3 | D        | Reached XP level 10. HP: 150/150 MP: 10/10
     3 | D        | Reached XP level 11. HP: 158/158 MP: 11/11
     3 | D        | Reached XP level 12. HP: 169/169 MP: 12/12
     3 | D        | Reached XP level 13. HP: 178/178 MP: 13/13
     3 | D        | Noticed a bag of meat
     4 | D        | Noticed a bag of meat
     4 | D        | Noticed a meat berserker
     5 | D        | Noticed a bag of meat
     6 | D        | Noticed a bag of meat
     7 | D        | Noticed a bag of meat
     7 | D        | Noticed a bag of meat
     7 | D        | Noticed a meat berserker
     7 | D        | Noticed a bag of meat
     7 | D        | Noticed a bag of meat
     8 | D        | Killed a bag of meat
     8 | D        | Reached ** piety under Trog
     8 | D        | Killed a bag of meat
     8 | D        | Noticed a meat berserker
     8 | D        | Noticed a bag of meat
     9 | D        | Reached skill level 27 in Fighting
     9 | D        | Reached XP level 14. HP: 198/198 MP: 14/14
     9 | D        | Noticed a meat berserker
     9 | D        | Noticed a bag of meat
     9 | D        | Noticed a bag of meat
     9 | D        | Noticed a bag of meat
     9 | D        | Noticed a meat berserker
    10 | D        | Killed a meat berserker
    10 | D        | Noticed a bag of meat
    11 | D        | Reached XP level 15. HP: 206/206 MP: 15/15
    11 | D        | Noticed a meat berserker
    12 | D        | Reached *** piety under Trog
    12 | D        | Noticed a meat berserker
    12 | D        | Noticed a meat berserker
    13 | D        | Reached skill level 27 in Axes
    13 | D        | Reached skill level 27 in Dodging
    13 | D        | Reached XP level 16. HP: 217/217 MP: 16/16
    13 | D        | Noticed a meat berserker
    14 | D        | Killed a meat berserker
    14 | D        | Reached **** piety under Trog
    14 | D        | Killed a meat berserker
    14 | D        | Killed a meat berserker
    14 | D        | Reached ***** piety under Trog
    14 | D        | Killed a meat berserker
    14 | D        | Noticed a large bag of meat
    15 | D        | Fell from the grace of Trog
    15 | D        | Reached XP level 17. HP: 114/226 MP: 16/32
    15 | D        | Reached XP level 18. HP: 119/236 MP: 16/33
    15 | D        | Reached XP level 19. HP: 123/245 MP: 16/34
    15 | D        | Noticed a large bag of meat
    16 | D        | Reached skill level 10 in Short Blades
    16 | D        | Reached skill level 10 in Shields
    16 | D        | Reached skill level 10 in Unarmed Combat
    16 | D        | Reached skill level 10 in Conjurations
    16 | D        | Reached skill level 10 in Hexes
    16 | D        | Reached skill level 10 in Summonings
    16 | D        | Reached skill level 10 in Necromancy
    16 | D        | Reached skill level 10 in Translocations
    16 | D        | Reached skill level 10 in Transmutations
    16 | D        | Reached skill level 10 in Fire Magic
    16 | D        | Reached skill level 10 in Ice Magic
    16 | D        | Reached skill level 10 in Air Magic
    16 | D        | Reached skill level 10 in Earth Magic
    16 | D        | Reached skill level 10 in Poison Magic
    16 | D        | Reached XP level 20. HP: 129/256 MP: 16/35
    16 | D        | Noticed a meat berserker
    17 | D        | Killed a meat berserker
    18 | D        | Reached skill level 10 in Long Blades
    18 | D        | Reached skill level 10 in Maces & Flails
    18 | D        | Reached skill level 10 in Polearms
    18 | D        | Reached skill level 10 in Staves
    18 | D        | Reached skill level 10 in Throwing
    18 | D        | Reached skill level 10 in Armour
    18 | D        | Reached skill level 10 in Stealth
    18 | D        | Reached skill level 10 in Evocations
    18 | D        | Reached XP level 21. HP: 104/265 MP: 16/38
    18 | D        | Noticed a meat berserker
    18 | D        | Noticed a meat berserker
    20 | D        | Killed a meat berserker
    20 | D        | Killed a meat berserker
    21 | D        | Reached skill level 15 in Spellcasting
    21 | D        | Reached skill level 15 in Invocations
    21 | D        | Reached XP level 22. HP: 109/275 MP: 17/41
    22 | D        | Reached skill level 10 in Slings
    22 | D        | Reached skill level 10 in Bows
    22 | D        | Reached skill level 10 in Crossbows
    25 | D        | Reached XP level 23. HP: 114/284 MP: 17/43
    27 | D        | Noticed a large bag of meat
    29 | D        | Reached skill level 15 in Short Blades
    29 | D        | Reached skill level 15 in Shields
    29 | D        | Reached skill level 15 in Unarmed Combat
    29 | D        | Reached skill level 15 in Conjurations
    29 | D        | Reached skill level 15 in Hexes
    29 | D        | Reached skill level 15 in Summonings
    29 | D        | Reached skill level 15 in Necromancy
    29 | D        | Reached skill level 15 in Translocations
    29 | D        | Reached skill level 15 in Transmutations
    29 | D        | Reached skill level 15 in Fire Magic
    29 | D        | Reached skill level 15 in Ice Magic
    29 | D        | Reached skill level 15 in Air Magic
    29 | D        | Reached skill level 15 in Earth Magic
    29 | D        | Reached skill level 15 in Poison Magic
    30 | D        | Noticed a destroyer
    35 | D        | Reached skill level 15 in Polearms
    35 | D        | Reached skill level 15 in Staves
    35 | D        | Reached skill level 15 in Throwing
    35 | D        | Reached XP level 24. HP: 52/295 MP: 20/45
    35 | D        | Killed a large bag of meat
    35 | D        | Killed a destroyer
    35 | D        | Noticed a destroyer
    36 | D        | Reached skill level 15 in Armour
    36 | D        | Reached skill level 15 in Stealth
    36 | D        | Reached skill level 15 in Evocations
    36 | D        | Reached XP level 25. HP: 25/304 MP: 20/46
    38 | D        | Noticed a destroyer
    39 | D        | Killed a destroyer
    40 | D        | Reached skill level 15 in Long Blades
    40 | D        | Reached skill level 15 in Maces & Flails
    40 | D        | Noticed a large bag of meat
    40 | D        | Noticed a destroyer
    40 | D        | Noticed a destroyer
    41 | D        | Noticed a destroyer
    41 | D        | Noticed a destroyer
    43 | D        | Killed a destroyer
    44 | D        | Noticed an accursed
    45 | D        | Killed a destroyer
    46 | D        | Reached XP level 26. HP: 49/314 MP: 22/48
    46 | D        | Noticed a destroyer
    46 | D        | Noticed a tyrant
    47 | D        | Killed a large bag of meat
    47 | D        | Killed by an exploding a large bag of meat... exploding
                  | inner flame

Illustrated notes

Levels and vault maps discovered:
D:        meatsprint

Skill      XL: |  1  2  3  4  5  6  7  8  9 10 11 12 13 14 15 16 17 18 19 20 21 22 23 24 25 26 |
---------------+-------------------------------------------------------------------------------+-----
Fighting       | 23 27 | 27.0
Axes           | 19 22 25 27 | 27.0
Dodging        | 17 19 22 27 | 27.0
Short Blades   | 9 10 11 13 14 16 18 | 18.4
Long Blades    | 8 10 11 12 14 16 | 16.3
Maces & Flails | 8 10 11 12 14 16 | 16.3
Polearms       | 8 9 10 12 13 15 16 17 | 17.5
Staves         | 8 9 10 12 13 15 16 17 | 17.5
Slings         | 6 7 8 9 10 12 13 14 | 14.0
Bows           | 6 7 8 9 10 12 13 14 | 14.0
Crossbows      | 6 7 8 9 10 12 13 14 | 14.0
Throwing       | 8 9 10 12 13 15 16 17 | 17.6
Armour         | 8 9 10 12 13 14 15 17 | 17.1
Stealth        | 8 9 10 12 13 14 15 17 | 17.1
Shields        | 9 10 11 13 14 16 18 | 18.4
Unarmed Combat | 9 10 11 13 14 16 18 | 18.4
Spellcasting   | 11 13 15 16 18 19 21 | 21.2
Conjurations   | 9 10 11 13 14 16 18 | 18.4
Hexes          | 9 10 11 13 14 16 18 | 18.4
Summonings     | 9 10 11 13 14 16 18 | 18.4
Necromancy     | 9 10 11 13 14 16 18 | 18.4
Translocations | 9 10 11 13 14 16 18 | 18.4
Transmutations | 9 10 11 13 14 16 18 | 18.4
Fire Magic     | 9 10 11 13 14 16 18 | 18.4
Ice Magic      | 9 10 11 13 14 16 18 | 18.4
Air Magic      | 9 10 11 13 14 16 18 | 18.4
Earth Magic    | 9 10 11 13 14 16 18 | 18.4
Poison Magic   | 9 10 11 13 14 16 18 | 18.4
Invocations    | 11 13 15 16 18 19 21 | 21.2
Evocations     | 8 9 10 12 13 14 15 17 | 17.1

Action                   |  1- 3 |  4- 6 |  7- 9 | 10-12 | 13-15 | 16-18 | 19-21 | 22-24 | 25-27 || total
-------------------------+-------+-------+-------+-------+-------+-------+-------+-------+-------++-------
Melee: Executioner's axe |     1 |       |       |       |     3 |     1 |     5 |     9 |     5 ||    24
  Use: Potion            |       |       |       |       |       |       |       |     2 |     2 ||     4
